 Dungeon Crawl Stone Soup version 0.27-a0-1119-gbf574a6a6b (webtiles) character file.

Game seed: 2660471539417068337

74 sizableburger the Digger (level 4, -3/35 HPs)
             Began as a Draconian Earth Elementalist on May 2, 2021.
             Slain by Natasha (7 damage)
             ... on level 2 of the Dungeon.
             The game lasted 00:05:50 (2418 turns).

sizableburger the Digger (DrEE)                     Turns: 2418, Time: 00:05:50

Health: -3/35      AC:  5    Str: 10    XL:     4   Next: 9%
Magic:  0/8        EV: 12    Int: 17    God:
Gold:   28         SH:  0    Dex: 11    Spells: 4/8 levels left

rFire    . . .     SeeInvis .   g - +1 short sword (venom)
rCold    . . .     Faith    .   (no shield)
rNeg     . . .     Spirit   .   (armour unavailable)
rPois    .         Reflect  .   (helmet restricted)
rElec    .         Harm     .   (no cloak)
rCorr    .         Rampage  .   (no gloves)
Will     .....                  (no boots)
Stlth    ++........             (no amulet)
HPRegen  0.11/turn              (no ring)
MPRegen  0.11/turn              (no ring)

@: no status effects
A: AC +5, unfitting armour, cold-blooded
a: no special abilities


You were on level 2 of the Dungeon.
You visited 1 branch of the dungeon, and saw 2 of its levels.

You collected 28 gold pieces.

Inventory:

Hand Weapons
 d - a +0 whip
 e - a +0 trident
 g - a +1 short sword of venom (weapon)
Missiles
 a - 3 boomerangs (quivered)
 b - 51 stones
 k - 20 poisoned darts
Scrolls
 c - a scroll of enchant weapon {unknown}
 h - a scroll of identify {unknown}
 i - a scroll of blinking {unknown}
 l - a scroll of enchant armour {unknown}
Potions
 f - 3 potions of curing {unknown}
 j - a potion of might {unknown}
 m - a potion of invisibility {unknown}


   Skills:
 - Level 1.5 Fighting
 - Level 2.3 Dodging
 - Level 1.7 Stealth
 + Level 2.7 Spellcasting
 + Level 1.1 Conjurations
 - Level 1.0 Transmutations
 + Level 3.4 Earth Magic


You had 4 spell levels left.
You knew the following spells:

 Your Spells              Type           Power      Damage    Failure   Level
a - Sandblast             Erth           28%        2d8       4%          1
b - Stone Arrow           Conj/Erth      20%        3d8       22%         3

Your spell library contained the following spells:

 Spells                   Type           Power      Damage    Failure   Level
 Passwall                 Tmut/Erth      7%         N/A       11%         2
 Foxfire                  Conj/Fire      16%        2x1d4     14%         1
 Conjure Flame            Conj/Fire      4%         6-21      41%         3
 Inner Flame              Hex/Fire       2%         N/A       47%         3
 Petrify                  Tmut/Erth      9%         N/A       56%         4
 Sticky Flame             Conj/Fire      4%         2d3       82%         4
 Lee's Rapid Deconstruct  Erth           7%         3d7*      75%         5
 Fireball                 Conj/Fire      2%         3d4       99%         5


Dungeon Overview and Level Annotations

Branches:
Dungeon (2/15)

Altars:

Shops:
D:1 ?[(

Annotations:
D:2 Natasha


Innate Abilities, Weirdness & Mutations

Your plain brown scales are hard. (AC +5)
You cannot fit into any form of body armour.
You are cold-blooded and may be slowed by cold attacks.


Message History

Confirm with . or Enter, or press ? or * to list all spells.
Aiming: Sandblast (safe; 4% risk of failure)
Press: ? - help, Shift-Dir - straight line, f/p - Natasha
Aim: Natasha (heavily wounded, 74% to hit)
The blast of sand hits Natasha.
Natasha is almost dead.
Natasha closely misses you.
Unknown command.
Casting: Sandblast (safe; 4% risk of failure)
Confirm with . or Enter, or press ? or * to list all spells.
Aiming: Sandblast (safe; 4% risk of failure)
Press: ? - help, Shift-Dir - straight line, f/p - Natasha
Aim: Natasha (almost dead, 74% to hit)
The blast of sand misses Natasha.
Natasha barely misses you.
Casting: Sandblast (safe; 4% risk of failure)
Confirm with . or Enter, or press ? or * to list all spells.
Aiming: Sandblast (safe; 4% risk of failure)
Press: ? - help, Shift-Dir - straight line, f/p - Natasha
Aim: Natasha (almost dead, 74% to hit)
The blast of sand hits Natasha.
Natasha is almost dead.
Natasha casts a spell at you. The magic dart hits you.
* * * LOW HITPOINT WARNING * * *
Okay, then.
Throw: 3 boomerangs
Press: ? - help, Q - select action, (/) - cycle Shift-Dir - straight line, f/p - Natasha
Aim: Natasha (almost dead, 45% to hit)
You throw a boomerang.
The boomerang hits Natasha but does no damage.
Natasha is almost dead.
Natasha closely misses you.
Throw: 3 boomerangs
Press: ? - help, Q - select action, (/) - cycle Shift-Dir - straight line, f/p - Natasha
Aim: Natasha (almost dead, 45% to hit)
You throw a boomerang.
The boomerang hits Natasha but does no damage.
Natasha is almost dead.
Natasha claws you!
You die...

..... ...... # ####
......######## ##....
.............# ......
..............# ....#.
.............#
..#.............h....#
................@....#
......#......#..######
.......... #.#....#
..........##.#.##......
...............# ##....
..............## ...
#.###.###.#>...####....
#.# #.##......... . #.#
#..#.#....###


You could see Natasha.

Vanquished Creatures
  An iguana (D:2)
  A worm (D:2)
  2 dart slugs
  3 ball pythons (D:1)
  A bat (D:1)
  6 endoplasms
  A goblin (D:1)
  6 hobgoblins
  3 jackals (D:2)
  2 quokkas
  A frilled lizard (D:2)
  6 kobolds
  6 rats
39 creatures vanquished.

Notes
Turn   | Place    | Note
-------+----------+-------------------------------------------
     0 | D:1      | sizableburger the Draconian Earth Elementalist began the
                  | quest for the Orb.
     0 | D:1      | Reached XP level 1. HP: 14/14 MP: 3/3
   328 | D:1      | Found Nireun's Antique Weapon Boutique.
   375 | D:1      | Found Gajif's Armour Boutique.
   577 | D:1      | Found Fyxkon's Magic Scroll Shop.
   782 | D:1      | Reached XP level 2. HP: 22/22 MP: 1/5
  1104 | D:1      | Reached skill level 1 in Fighting
  1173 | D:1      | You fall into a shaft and drop 1 floor!
  1221 | D:1      | Found Seiska Erchi's Antique Weapon Boutique.
  1718 | D:1      | Reached XP level 3. HP: 28/28 MP: 6/6
  1886 | D:2      | Learned a level 3 spell: Stone Arrow
  2229 | D:2      | Reached skill level 1 in Conjurations
  2229 | D:2      | Reached XP level 4. HP: 16/35 MP: 0/8
  2402 | D:2      | Noticed Natasha
  2418 | D:2      | Slain by Natasha

Illustrated notes

Levels and vault maps discovered:
D:1:      dpeg_arrival_brainrot, layout_basic, serial_shops,
          nicolae_shop_behind_doors, shop, shop, shop, serial_co_window_serial,
          co_window_paths_b, co_window_paths_a, co_window_corner_a,
          co_window_corner_a, co_window_corner_a, co_window_corner_a,
          co_window_corner_a, co_window_broadway_b, co_window_unsneaky_path_a,
          co_window_unsneaky_path_c, co_window_corner_ca, minmay_surrounded
D:2:      layout_rooms, uniq_natasha

Skill      XL: |  1  2  3 |
---------------+----------+-----
Dodging        | 2 |  2.3
Fighting       | 1 |  1.5
Conjurations   | 1 |  1.1
Stealth        | |  1.7
Spellcasting   | |  2.7
Transmutations | |  1.0
Earth Magic    | |  3.4

Action                   |  1- 3 |  4- 6 || total
-------------------------+-------+-------++-------
Melee: Unarmed           |     2 |       ||     2
       Trident           |    18 |       ||    18
       Short sword       |    33 |     1 ||    34
       Tailslap          |     3 |       ||     3
Throw: Stone             |    17 |       ||    17
       Boomerang         |     4 |     2 ||     6
       Dart              |     3 |       ||     3
 Cast: Sandblast         |    31 |     9 ||    40
 Stab: Sleeping          |     2 |       ||     2
Armor: Skin              |    17 |       ||    17
Dodge: Dodged            |    48 |     5 ||    53

Table legend: (Time is in decaauts)
 A = Elapsed time spent in this place.
 B = Non-inter-level travel time spent in this place.
 C = Inter-level travel time spent in this place.
 D = Time resting spent in this place.
 E = Time spent auto-exploring this place.
 F = Levels seen in this place.
 G = Mean time per level.
                   A        B        C        D        E       F      G
               +--------+--------+--------+--------+--------+-----+--------+
         Total |   2429 |   2322 |    107 |    732 |   1248 |   2 | 1214.5 |
       Dungeon |   2429 |   2322 |    107 |    732 |   1248 |   2 | 1214.5 |
               +--------+--------+--------+--------+--------+-----+--------+

Top non-repeatable levels by time:
     D:1: 1847 daAuts
     D:2: 582 daAuts
